 Dungeon Crawl Stone Soup version 0.31.0-11-ge490571c62 (webtiles) character file.

Game seed: 11954924944526714337

100 hikkokomori the Shield-Bearer (level 5, -1/42 HPs)
             Began as a Formicid Fighter on Feb 1, 2024.
             Slain by an ogre
             ... wielding a +0 giant club
              (3 damage)
             ... on level 3 of the Dungeon.
             The game lasted 00:01:58 (1349 turns).

hikkokomori the Shield-Bearer (Formicid Fighter)    Turns: 1349, Time: 00:01:58

Health: -1/42      AC: 10    Str: 23    XL:     5   Next: 3%
Magic:  5/5        EV:  8    Int:  7    God:
Gold:   98         SH:  5    Dex: 13    Spells: 4/4 levels left

rFire   . . .        w - +0 longbow
rCold   . . .        c - +0 buckler
rNeg    . . .        h - +0 chain mail
rPois   .            (helmet unavailable)
rElec   .            i - +0 cloak
rCorr   .            (no gloves)
SInv    +            (no boots)
Will    .....        (no amulet) Stlth
                     (no ring)
HPRegen 0.27/turn    (no ring)
MPRegen 0.09/turn

%: no passive effects
@: mighty
A: permanent stasis, dig shafts and tunnels, antennae 3, four strong arms
a: Dig, Shaft Self


You were on level 3 of the Dungeon.
You visited 1 branch of the dungeon, and saw 3 of its levels.

You collected 98 gold pieces.

Inventory:

Hand Weapons
 a - a +0 war axe
 w - a +0 longbow (weapon)
Armour
 b - a +0 scale mail
 c - a +0 buckler (worn)
 h - a +0 chain mail (worn)
 i - a +0 cloak (worn)
Jewellery
 l - a ring of wizardry
 r - a ring of willpower
 s - a +6 ring of dexterity
Scrolls
 e - a scroll of revelation {unknown}
 k - 3 scrolls of identify {unknown}
 n - 2 scrolls of teleportation {unknown}
 o - a scroll of enchant armour {unknown}
 p - a scroll of noise {unknown}
 v - a scroll of immolation {unknown}
Potions
 f - a potion of magic {unknown}
 g - a potion of degeneration {unknown}
 j - 3 potions of haste {unknown}
 m - 3 potions of heal wounds {unknown}
 q - a potion of lignification {unknown}
 t - 2 potions of attraction {unknown}
 u - a potion of invisibility {unknown}
 x - a potion of enlightenment {unknown}


   Skills:
 + Level 4.0 Fighting
 - Level 2.8 Axes
 + Level 0.2 Ranged Weapons
 + Level 4.0 Armour
 + Level 5.0 Shields


You had 4 spell levels left.
You didn't know any spells.
Your spell library contained the following spells:

 Spells                   Type           Power      Damage    Failure   Level
 Slow                     Hex            0%         N/A       97%         1
 Confusing Touch          Hex            0%         N/A       100%        3
 Sigil of Binding         Hex            0%         N/A       100%        3
 Vampiric Draining        Necr           0%         2d6       100%        3


Dungeon Overview and Level Annotations

Branches:
Dungeon (3/15)

Altars:


Innate Abilities, Weirdness & Mutations

You cannot be hasted, slowed, berserked, paralysed or teleported.
You can dig through walls and to a lower floor.
You have a pair of large antennae on your head. (SInv)
Your four strong arms can wield two-handed weapons with a shield.


Message History

You are too injured to fight recklessly!
You are too injured to fight recklessly!
You are too injured to fight recklessly!
You are too injured to fight recklessly!
You are too injured to fight recklessly!
You are too injured to fight recklessly!
You are too injured to fight recklessly!
You are too injured to fight recklessly!
You are too injured to fight recklessly!
You are too injured to fight recklessly!
You are too injured to fight recklessly!
You are too injured to fight recklessly!
You are too injured to fight recklessly!
You are too injured to fight recklessly!
Okay, then.
You aren't carrying any items that you can evoke.
Okay, then.
Okay, then.
Okay, then.
You feel very mighty all of a sudden.
A hobgoblin comes into view.
You block the ogre's attack.
Unknown command.
You shoot an arrow. The arrow barely misses the ogre.
The arrow hits the hobgoblin.
You kill the hobgoblin!
The ogre closely misses you.
Your Shields skill increases to level 5!
Unknown command.
You shoot an arrow. The arrow hits the ogre.
The ogre is severely wounded.
The ogre hits you with a +0 giant club!
* * * LOW HITPOINT WARNING * * *
Unknown command.
Fire: w) +0 longbow
Press: ? - help, Shift-Dir - straight line, f/p - ogre
Aim: an ogre, wielding a +0 giant club (severely wounded, 72% to hit)
You shoot an arrow. The arrow closely misses the ogre.
The ogre barely misses you. The ogre hits you with a +0 giant club.
You die...

#.#.##.
#.#....
#......
###.###
#######.# {
#.......###
###
#.####.....
##.## #.###.
#@#.##
#.###.
#O#.#.##
#.##..
#.#.#.#.##
#.##..
#.#.###.#.##
#..... #.#.#
##.#.##
####.# #.#.#
##.#.## ##.#
#.#.# {
##.#.##
##... †#.#
##.#.###.###
{ ##.#.####
#


You could see an ogre.

Vanquished Creatures
  A gnoll (D:1)
  3 adders
  A ribbon worm (D:2)
  A dart slug (D:1)
  An orc (D:3)
  3 endoplasms (D:1)
  3 giant cockroaches
  5 goblins (D:1)
  4 hobgoblins
  4 jackals (D:1)
  6 quokkas
  3 ball pythons
  2 bats (D:1)
  A frilled lizard (D:1)
  3 kobolds
  15 rats
56 creatures vanquished.

Notes
Turn   | Place    | Note
-------+----------+-------------------------------------------
     0 | D:1      | hikkokomori the Formicid Fighter began the quest for the
                  | Orb.
     0 | D:1      | Reached XP level 1. HP: 18/18 MP: 1/1
    17 | D:1      | Reached XP level 2. HP: 23/24 MP: 2/2
   174 | D:1      | Reached XP level 3. HP: 30/30 MP: 3/3
   533 | D:1      | Reached XP level 4. HP: 37/37 MP: 4/4
  1244 | D:3      | Reached XP level 5. HP: 41/42 MP: 5/5
  1342 | D:3      | Noticed an ogre
  1348 | D:3      | Reached skill level 5 in Shields
  1348 | D:3      | HP: 1/42 [ogre/+0 giant club (14)]
  1349 | D:3      | Slain by an ogre

Illustrated notes

Levels and vault maps discovered:
D:1:      dpeg_arrival_stonehenge_12_columns, layout_loops_ring
D:2:      layout_basic, minmay_rat_gold_closets
D:3:      minmay_inner_zag, layout_loops_cross, dk_noncrumbling_3

Skill      XL: |  1  2  3  4  5 |
---------------+----------------+-----
Fighting       | 4 |  4.0
Armour         | 4 |  4.0
Shields        | 5 |  5.0
Axes           | |  2.8
Ranged Weapons | |  0.2

Action                     |  1- 3 |  4- 6 || total
---------------------------+-------+-------++-------
  Melee: War axe           |    76 |    51 ||   127
   Fire: Longbow           |       |    23 ||    23
    Use: Potion            |       |     1 ||     1
 Armour: Scale mail        |    14 |       ||    14
         Chain mail        |    32 |    42 ||    74
  Dodge: Dodged            |    38 |    26 ||    64
  Block: Buckler           |    26 |    17 ||    43
